 Dungeon Crawl Stone Soup version 0.27-a0-522-g46bbb28828 (webtiles) character file.

Game seed: 15464942119171285275

42 srzhan31 the Stinger (level 3, -1/22 HPs)
             Began as an Octopode Venom Mage on Mar 4, 2021.
             Slain by a vampire bat (3 damage)
             ... on level 2 of the Dungeon.
             The game lasted 00:08:14 (1470 turns).

srzhan31 the Stinger (Octopode Venom Mage)          Turns: 1470, Time: 00:08:15

Health: -1/22      AC:  1    Str:  7    XL:     3   Next: 56%
Magic:  2/6        EV: 13    Int: 18    God:
Gold:   117        SH:  0    Dex: 12    Spells: 6/7 levels left

rFire    . . .     SeeInvis .   m - +0 dagger (venom)
rCold    . . .     Faith    .   (no shield)
rNeg     . . .     Spirit   .   (helmet restricted)
rPois    .         Reflect  .   (no amulet)
rElec    .         Harm     .   q - ring of flight
rCorr    .         Rampage  .   (no ring)
Will     .....                  (no ring)
Stlth    +++.......             (no ring)
HPRegen  0.07/turn              (no ring)
MPRegen  0.10/turn              (no ring)
                                (no ring)
                                (no ring)

@: very slightly contaminated
A: almost no armour, amphibious, 8 rings, constrict 8, camouflage 1, gelatinous
body 1, nimble swimmer 1
a: Evoke Flight


You were on level 2 of the Dungeon.
You visited 1 branch of the dungeon, and saw 2 of its levels.

You collected 117 gold pieces.

Inventory:

Hand Weapons
 m - a +0 dagger of venom (weapon)
Missiles
 n - 38 stones
 o - 2 atropa-tipped darts
Jewellery
 q - a ring of flight (left tentacle)
Scrolls
 c - 2 scrolls of identify {unknown}
 d - 3 scrolls of amnesia {unknown}
 p - a scroll of noise {unknown}
Potions
 a - a potion of curing {unknown}
 b - 2 potions of flight {unknown}
 e - a potion of might {unknown}
 f - a potion of lignification {unknown}
 g - 2 potions of ambrosia {unknown}
 h - a potion of haste {unknown}
 i - 2 potions of cancellation {unknown}
 j - a potion of degeneration {unknown}
 k - 2 potions of resistance {unknown}
 l - a potion of attraction {unknown}


   Skills:
 * Level 0.8 Fighting
 * Level 2.3 Dodging
 * Level 2.7 Stealth
 * Level 0.3 Shields
 * Level 2.5 Spellcasting
 * Level 1.1 Transmutations
 * Level 4.3 Poison Magic


You had 6 spell levels left.
You knew the following spells:

 Your Spells              Type           Power        Failure   Level
a - Sting                 Tmut/Pois      48%          5%          1

Your spell library contained the following spells:

 Spells                   Type           Power        Failure   Level
 Poisonous Vapours        Pois/Air       20%          11%         2
 Ignite Poison            Fire/Tmut/Pois 8%           24%         3
 Mephitic Cloud           Conj/Pois/Air  7%           28%         3
 Olgreb's Toxic Radiance  Pois           17%          28%         4


Dungeon Overview and Level Annotations

Branches:
Dungeon (2/15)

Altars:
Kikubaaqudgha


Innate Abilities, Weirdness & Mutations

You cannot wear most types of armour.
You are amphibious.
You can wear up to eight rings at the same time.
You can use your tentacles to constrict eight enemies at once.
Your skin changes colour to match your surroundings (Stealth+).
Your rubbery body absorbs attacks. (AC +1, EV +1)
You are stealthy while swimming. (Stealth+)


Message History

Aim: a vampire bat (43% to evade)
You miscast Sting.
You are very lightly contaminated with residual magic.
Nothing appears to happen.
The vampire bat bites you.
The vampire bat draws strength from your injuries!
The vampire bat bites you.
* * * LOW HITPOINT WARNING * * *
The vampire bat draws strength from your injuries!
The vampire bat completely misses you. The vampire bat misses you.
You hit the vampire bat but do no damage.
Your grab misses the vampire bat. The vampire bat barely misses you.
The vampire bat bites you but does no damage.
The vampire bat barely misses you.
Aiming: Sting (safe; 5% risk of failure)
Press: ? - help, Q - select action, (/) - cycle Shift-Dir - straight line, f/p - vampire bat
Aim: a vampire bat (43% to evade)
You miscast Sting.
Nothing appears to happen.
The vampire bat bites you but does no damage.
Aiming: Sting (safe; 5% risk of failure)
Press: ? - help, Q - select action, (/) - cycle Shift-Dir - straight line, f/p - vampire bat
Aim: a vampire bat (43% to evade)
The sting hits the vampire bat.
The vampire bat partially resists.
The vampire bat is lightly damaged.
The vampire bat completely misses you. The vampire bat barely misses you.
Hit: m) +0 dagger (venom)
Press: ? - help, Dir - move target, p - vampire bat
Okay, then.
The vampire bat bites you.
* * * LOW HITPOINT WARNING * * *
The vampire bat draws strength from your injuries!
The vampire bat barely misses you. The vampire bat bites you.
* * * LOW HITPOINT WARNING * * *
The vampire bat draws strength from your injuries!
The vampire bat barely misses you.
The vampire bat bites you but does no damage.
The vampire bat bites you.
You die...

#.#
#......###...........
######'###
#......'...#########.
#........#
#......#####
.........# #......#
.........####......#
.........'..'......#
#........####......#
#(.......# #......#
########## ####@..#
##.#.#.###### #bb.#
##.⌠.#.⌠(#...###...#
#.#.#.#.#.#.#.##...#
...#.⌠.#.⌠.#.⌠.#...#
⌠.⌠.#.#.#.#.#..'.###
._..b#.⌠.#.⌠.#.'.#
⌠.⌠.#.#.#.#.#..'.#
...#.⌠.#b⌠.#.⌠.###


You could see 2 vampire bats.

Vanquished Creatures
  A leopard gecko (D:1)
  4 ball pythons
  7 bats
  A bat skeleton (D:2)
  5 bat zombies (D:2)
  2 giant cockroaches (D:1)
  4 goblins
  4 hobgoblins (D:1)
  A frilled lizard (D:1)
  2 kobolds
  4 rats
35 creatures vanquished.

Notes
Turn   | Place    | Note
-------+----------+-------------------------------------------
     0 | D:1      | srzhan31 the Octopode Venom Mage began the quest for the
                  | Orb.
     0 | D:1      | Reached XP level 1. HP: 11/11 MP: 3/3
   175 | D:1      | You fall into a shaft and drop 1 floor!
   202 | D:1      | Reached skill level 4 in Poison Magic
   202 | D:1      | Reached XP level 2. HP: 9/17 MP: 1/5
   676 | D:1      | Reached XP level 3. HP: 22/22 MP: 4/6
  1391 | D:2      | Found an ancient bone altar of Kikubaaqudgha.
  1470 | D:2      | Slain by a vampire bat

Illustrated notes

Levels and vault maps discovered:
D:1:      dpeg_arrival_rooms_a, layout_loops_ring, serial_rivers,
          chequers_serial_rivers_micro_d, chequers_serial_rivers_small_b,
          chequers_serial_rivers_small_a, chequers_serial_rivers_micro_e
D:2:      minmay_door_path, layout_basic, kennysheep_vampire_church

Skill      XL: |  1 |
---------------+----+-----
Poison Magic   | 4 |  4.3
Fighting       | |  0.8
Dodging        | |  2.3
Stealth        | |  2.7
Shields        | |  0.3
Spellcasting   | |  2.5
Transmutations | |  1.1

Action                   || total
-------------------------++-------
Melee: Unarmed           ||    29
       Constrict         ||    13
       Dagger            ||    22
       Tentacles         ||     4
 Cast: Sting             ||    37
 Stab: Sleeping          ||     1
Armor: Skin              ||    10
Dodge: Dodged            ||    83

Table legend: (Time is in decaauts)
 A = Elapsed time spent in this place.
 B = Non-inter-level travel time spent in this place.
 C = Inter-level travel time spent in this place.
 D = Time resting spent in this place.
 E = Time spent auto-exploring this place.
 F = Levels seen in this place.
 G = Mean time per level.
                   A        B        C        D        E       F      G
               +--------+--------+--------+--------+--------+-----+--------+
         Total |   1469 |   1469 |      0 |      0 |      0 |   2 |  734.5 |
       Dungeon |   1469 |   1469 |      0 |      0 |      0 |   2 |  734.5 |
               +--------+--------+--------+--------+--------+-----+--------+

Top non-repeatable levels by time:
     D:1: 921 daAuts
     D:2: 548 daAuts
